 Dungeon Crawl Stone Soup version 0.30-a0-1075-gcd70e7a56d (webtiles) character file.

Game seed: 11590213848962005613

496 Maxmaps the Trooper (level 6, 0/51 HPs)
             Began as a Demonspawn Monk on Apr 14, 2023.
             Slain by Pikel
             ... wielding a +1 whip of flaming
              (8 damage)
             ... on level 3 of the Dungeon.
             The game lasted 00:08:03 (3665 turns).

Maxmaps the Trooper (Demonspawn Monk)               Turns: 3665, Time: 00:08:04

Health: 0/51       AC: 10    Str: 12    XL:     6   Next: 93%
Magic:  6/6        EV: 11    Int: 13    God:
Gold:   190        SH:  0    Dex: 15    Spells: 5/5 levels left

rFire   . . .      SeeInvis .      - Unarmed
rCold   . . .      Faith    .    c - orb {light}
rNeg    . . .      Spirit   .    i - +0 ring mail
rPois   .          Reflect  .    (helmet restricted)
rElec   .          Rampage  .    d - +0 cloak
rCorr   .                        b - +0 pair of gloves
Will    .....                    f - +1 pair of boots
Stlth   +                        (no amulet)
HPRegen 0.28/turn                (no ring)
MPRegen 0.10/turn                (no ring)

@: glowing
A: antennae 1, demonic guardian 1, foul stench 1
a: no special abilities


You were on level 3 of the Dungeon.
You visited 1 branch of the dungeon, and saw 4 of its levels.

You collected 190 gold pieces.

Inventory:

Armour
 b - a +0 pair of gloves (worn)
 c - an orb of light (worn)
 d - a +0 cloak (worn)
 f - a +1 pair of boots (worn)
 i - a +0 ring mail (worn)
Wands
 p - a wand of flame (6)
Scrolls
 j - 2 scrolls of vulnerability
Potions
 l - 2 potions of resistance
 o - a potion of flight
 q - 2 potions of cancellation


   Skills:
 + Level 5.5 Fighting
 - Level 4.4 Armour
 - Level 3.0 Dodging
 - Level 1.7 Stealth
 - Level 3.1 Unarmed Combat


You had 5 spell levels left.
You didn't know any spells.
Your spell library contained the following spells:

 Spells                   Type           Power      Damage    Failure   Level
 Ensorcelled Hibernation  Hex/Ice        0%         N/A       69%         2
 Passwall                 Tmut/Erth      0%         N/A       69%         2
 Swiftness                Air            0%         N/A       89%         3


Dungeon Overview and Level Annotations

Branches:
Dungeon (4/15)
 Temple: D:4-7

Altars:

Annotations:
D:3 1 runed translucent door, Crazy Yiuf, Pikel


Innate Abilities, Weirdness & Mutations

You have a pair of small antennae on your head.
A weak demonic guardian rushes to your aid.
You may rarely emit foul miasma when damaged in melee.


Message History

Aim: Pikel, wielding a +1 whip of flaming and wearing a +2 robe of positive energy (moderately wounded, haloed, 74% to hit)
The puff of flame hits Pikel but does no damage.
Pikel is moderately wounded.
Pikel hits you with a +1 whip of flaming!
Pikel burns you.
Aiming: Throw Flame
Press: ? - help, Shift-Dir - straight line, f/p - Pikel
Aim: Pikel, wielding a +1 whip of flaming and wearing a +2 robe of positive energy (moderately wounded, haloed, 74% to hit)
The puff of flame hits Pikel.
Pikel is heavily wounded.
Pikel barely misses you.
Aiming: Throw Flame
Press: ? - help, Shift-Dir - straight line, f/p - Pikel
Aim: Pikel, wielding a +1 whip of flaming and wearing a +2 robe of positive energy (heavily wounded, haloed, 74% to hit)
The puff of flame hits Pikel!
Pikel is heavily wounded.
Pikel hits you with a +1 whip of flaming.
Pikel burns you.
Aiming: Throw Flame
Press: ? - help, Shift-Dir - straight line, f/p - Pikel
Aim: Pikel, wielding a +1 whip of flaming and wearing a +2 robe of positive energy (heavily wounded, haloed, 74% to hit)
The puff of flame hits Pikel.
Pikel is severely wounded.
Pikel hits you but does no damage.
Aiming: Throw Flame
Press: ? - help, Shift-Dir - straight line, f/p - Pikel
Aim: Pikel, wielding a +1 whip of flaming and wearing a +2 robe of positive energy (severely wounded, haloed, 74% to hit)
The puff of flame hits Pikel.
Pikel is severely wounded.
Pikel hits you with a +1 whip of flaming.
* * * LOW HITPOINT WARNING * * *
A demonic guardian appears!
Pikel burns you.
* * * LOW HITPOINT WARNING * * *
Aiming: Throw Flame
Press: ? - help, Shift-Dir - straight line, f/p - Pikel
Aim: Pikel, wielding a +1 whip of flaming and wearing a +2 robe of positive energy (severely wounded, ally target, haloed, 74% to hit)
The puff of flame hits Pikel but does no damage.
Pikel is severely wounded.
Pikel hits you with a +1 whip of flaming!
You die...

#...# #)# ##........# #
##### #.# #..######.# #
##.# #.## #.# # #.<# #.#
#.# #.## #[# #.### ##.#
##.# #...# #..# ##..#
###.# ##.######..## #.#
###...)..@....# ##.#
#......#K.....########..#
#......#5..............###
#......#......############
########......# ##.....##
#......# ##........
##......# #.........
#..###### #......... #.##
########..


You could see Pikel (ally target) and a friendly iron imp (summoned).

Vanquished Creatures
  Sigmund (D:2)
  The ghost of PimpSugar the Ducker, an amateur DjHW (D:3)
  4 lemures (D:3)
  A phantom (D:4)
  A hound (D:4)
  4 gnolls
  6 adders
  2 dart slugs
  An orc (D:3)
  3 ball pythons
  8 endoplasms
  2 giant cockroaches
  7 goblins
  5 hobgoblins
  3 jackals (D:4)
  4 kobolds
  2 quokkas
  10 bats
  3 frilled lizards
  7 rats
75 creatures vanquished.

Vanquished Creatures (others)
  A frilled lizard (D:3)
1 creature vanquished.

Grand Total: 76 creatures vanquished

Notes
Turn   | Place    | Note
-------+----------+-------------------------------------------
     0 | D:1      | Maxmaps the Demonspawn Monk began the quest for the Orb.
     0 | D:1      | Reached XP level 1. HP: 18/18 MP: 1/1
   348 | D:1      | Gained mutation: You may rarely emit foul miasma when
                  | damaged in melee. [demonic ancestry]
   348 | D:1      | Reached XP level 2. HP: 23/24 MP: 2/2
   929 | D:2      | Reached skill level 1 in Armour
  1006 | D:2      | Gained mutation: A weak demonic guardian rushes to your
                  | aid. [demonic ancestry]
  1006 | D:2      | Reached XP level 3. HP: 29/29 MP: 3/3
  1443 | D:2      | Noticed Sigmund
  1480 | D:2      | Killed Sigmund
  1481 | D:2      | Reached XP level 4. HP: 35/35 MP: 4/4
  1481 | D:2      | Reached XP level 5. HP: 41/41 MP: 5/5
  1964 | D:3      | Found a runed translucent gate.
  1965 | D:3      | Found a runed translucent gate.
  1966 | D:3      | Found a runed translucent gate.
  1970 | D:3      | Noticed PimpSugar's ghost (amateur DjHW)
  2440 | D:3      | Found a runed translucent door.
  2441 | D:3      | Noticed Crazy Yiuf
  2553 | D:3      | Killed PimpSugar's ghost
  2554 | D:3      | Reached skill level 4 in Fighting
  2554 | D:3      | Gained mutation: You have a pair of small antennae on your
                  | head. [demonic ancestry]
  2554 | D:3      | Reached XP level 6. HP: 49/49 MP: 6/6
  2763 | D:4      | Noticed Pikel
  2787 | D:3      | HP: 2/49 [lemure[Pikel] (8)]
  3179 | D:4      | Reached skill level 5 in Fighting
  3665 | D:3      | Slain by Pikel

Illustrated notes

Levels and vault maps discovered:
D:1:      dreamdust_arrival_beginning_and_end, layout_basic
D:2:      minmay_thinvault, layout_loops_corners, basic_altar, uniq_sigmund
D:3:      layout_rooms, gammafunk_ghost_split, uniq_crazy_yiuf_cottage
D:4:      layout_cave_pools, minmay_temple_entry_steel_oval, uniq_pikel

Skill      XL: |  1  2  3  4  5  6 |
---------------+-------------------+-----
Unarmed Combat | 3 |  3.1
Dodging        | 3 |  3.0
Armour         | 1 4 |  4.4
Fighting       | 4 5 |  5.5
Stealth        | |  1.7

Action                     |  1- 3 |  4- 6 || total
---------------------------+-------+-------++-------
  Melee: Unarmed           |   112 |   263 ||   375
  Evoke: Wand              |       |    18 ||    18
    Use: Potion            |     3 |     3 ||     6
         Scroll            |       |     8 ||     8
 Armour: Robe              |     2 |       ||     2
         Ring mail         |    39 |   118 ||   157
         Skin              |     5 |     7 ||    12
  Dodge: Dodged            |    61 |   176 ||   237

Table legend: (Time is in decaauts)
 A = Elapsed time spent in this place.
 B = Non-inter-level travel time spent in this place.
 C = Inter-level travel time spent in this place.
 D = Time resting spent in this place.
 E = Time spent auto-exploring this place.
 F = Levels seen in this place.
 G = Mean time per level.
                   A        B        C        D        E       F      G
               +--------+--------+--------+--------+--------+-----+--------+
         Total |   3648 |   3522 |    126 |    439 |   2233 |   4 |  912.0 |
       Dungeon |   3648 |   3522 |    126 |    439 |   2233 |   4 |  912.0 |
               +--------+--------+--------+--------+--------+-----+--------+

Top non-repeatable levels by time:
     D:3: 1447 daAuts
     D:2: 1082 daAuts
     D:1: 826 daAuts
     D:4: 291 daAuts
